 Dungeon Crawl Stone Soup version 0.32-a0-876-gcfddb08e57 (webtiles) character file.

Game seed: 10814863151681264280

27 SkeletonJelly the Thaumaturge (level 3, -1/25 HPs)
             Began as a Gnoll Wanderer on Apr 2, 2024.
             Slain by an adder (3 damage)
             ... on level 2 of the Dungeon.
             The game lasted 00:04:03 (1626 turns).

SkeletonJelly the Thaumaturge (Gnoll Wanderer)      Turns: 1626, Time: 00:04:03

Health: -1/25      AC:  2    Str: 10    XL:     3   Next: 10%
Magic:  8/15       EV: 10    Int: 12    God:
Gold:   62         SH:  0    Dex: 13    Spells: 21/24 levels left

rFire   . . .        a - +0 dagger
rCold   . . .        (no shield)
rNeg    . . .        d - +0 robe
rPois   .            (no helmet)
rElec   .            (no cloak)
rCorr   .            (no gloves)
SInv    +            (no boots)
Will    .....        (no amulet)
Stlth   +            i - ring of see invisible
HPRegen 0.24/turn    (no ring)
MPRegen 0.14/turn

%: no passive effects
@: lethally poisoned (-1 -> -11), very slightly contaminated
A: fangs 1, strong nose, distributed training
a: no special abilities


You were on level 2 of the Dungeon.
You visited 1 branch of the dungeon, and saw 2 of its levels.

You collected 62 gold pieces.

Inventory:

Hand Weapons
 a - a +0 dagger (weapon)
Missiles
 b - 15 poisoned darts
Armour
 d - a +0 robe (worn)
 f - a +0 pair of gloves
Jewellery
 i - a ring of see invisible (left hand)
 o - a ring of fire
Scrolls
 k - a scroll of brand weapon {unknown}
 n - a scroll of poison {unknown}
Potions
 c - a potion of attraction
 e - a potion of curing {unknown}
 g - 2 potions of mutation {unknown}
 h - 2 potions of degeneration {unknown}
 j - 2 potions of brilliance {unknown}
 l - a potion of cancellation {unknown}
 m - a potion of lignification {unknown}


   Skills:
 + Level 0.6 Fighting
 + Level 0.6 Short Blades
 + Level 0.6 Long Blades
 + Level 0.6 Axes
 + Level 0.6 Maces & Flails
 + Level 0.6 Polearms
 + Level 0.6 Staves
 + Level 0.6 Ranged Weapons
 + Level 4.5 Throwing
 + Level 2.5 Armour
 + Level 0.6 Dodging
 + Level 0.6 Stealth
 + Level 0.6 Shields
 + Level 0.6 Unarmed Combat
 + Level 11.3 Spellcasting
 + Level 0.4 Conjurations
 + Level 0.4 Hexes
 + Level 0.4 Summonings
 + Level 0.4 Necromancy
 + Level 0.4 Translocations
 + Level 0.4 Fire Magic
 + Level 0.4 Ice Magic
 + Level 2.1 Air Magic
 + Level 0.4 Earth Magic
 + Level 0.4 Alchemy
 + Level 0.8 Invocations
 + Level 0.6 Evocations
 + Level 0.5 Shapeshifting


You had 21 spell levels left.
You knew the following spells:

 Your Spells              Type           Power      Damage    Failure   Level
a - Magic Dart            Conj           28%        1d4       9%          1
s - Static Discharge      Conj/Air       18%        3-4/arc   10%         2

Your spell library contained the following spells:

 Spells                   Type           Power      Damage    Failure   Level
 Freeze                   Ice            28%        1d5       9%          1
 Cigotuvi's Dreadful Rot  Necr/Alch/Air  18%        N/A       11%         2
 Blink                    Tloc           14%        N/A       13%         2
 Call Imp                 Summ           14%        N/A       13%         2
 Confusing Touch          Hex            7%         N/A       26%         3


Dungeon Overview and Level Annotations

Branches:
Dungeon (2/15)

Altars:

Shops:
D:1 **:


Innate Abilities, Weirdness & Mutations

You have very sharp teeth.
Your uncanny sense of smell can sniff out nearby items.
Your experience applies equally to all skills.


Message History

You now have 9/15 mp.
You can't see any susceptible monsters within range! (Use Z to cast anyway.)
You can't see any susceptible monsters within range! (Use Z to cast anyway.)
You can't see any susceptible monsters within range! (Use Z to cast anyway.)
Found a robe.
MP restored: 15
Things that are here:
a +0 dagger; a goblin corpse You see here a +0 robe.
Key pressed, stopping explore.
A bat comes into view.
A bat is nearby!
A bat is nearby!
A bat is nearby!
A bat is nearby!
The magic dart hits the bat.
You kill the bat!
You now have 14/15 mp.
You can't see any susceptible monsters within range! (Use Z to cast anyway.)
You can't see any susceptible monsters within range! (Use Z to cast anyway.)
You can't see any susceptible monsters within range! (Use Z to cast anyway.)
Found a stone staircase leading down.
MP restored: 15
There is a stone staircase leading down here.
You pick up a book of Minor Magic and begin reading...
You add the spells Blink and Call Imp to your library.
There is a stone staircase leading down here.
You see here a rat corpse.
Key pressed, stopping explore.
Found a stone staircase leading up.
Found a leather armour.
A kobold comes into view. It is wielding a +0 short sword.
A kobold is nearby!
A kobold is nearby!
The magic dart hits the kobold.
You kill the kobold!
You now have 14/15 mp.
An adder comes into view.
The adder hisses angrily.
MP restored: 15 The magic dart hits the adder but does no damage.
The adder barely misses you.
You now have 14/15 mp.
The magic dart hits the adder.
The adder is moderately wounded.
The adder bites you.
You take 2 damage, and have 23/25 hp.
You now have 13/15 mp.
The magic dart hits the adder.
The adder is heavily wounded.
The adder barely misses you.
You now have 12/15 mp.
The magic dart hits the adder.
The adder is severely wounded.
The adder bites you but does no damage.
You now have 11/15 mp.
The magic dart hits the adder.
The adder is severely wounded.
The adder closely misses you. The adder bites you.
You take 2 damage, and have 22/25 hp.
You now have 10/15 mp.
The magic dart hits the adder but does no damage.
The adder is severely wounded.
The adder bites you.
You are poisoned.
The adder poisons you!
You take 4 damage, and have 18/25 hp.
You now have 9/15 mp.
You miscast Magic Dart.
You are very lightly contaminated with residual magic.
Nothing appears to happen.
You feel sick. The adder bites you.
You take 2 damage, and have 16/25 hp.
The magic dart hits the adder.
The adder is almost dead.
You feel sick. The adder bites you. x2
You are more poisoned.
The adder poisons you!
You take 4 damage, and have 12/25 hp.
You now have 8/15 mp.
You are too injured to fight recklessly!
You are too injured to fight recklessly!
You closely miss the adder.
The adder is almost dead.
You feel sick. The adder barely misses you.
You take 2 damage, and have 10/25 hp.
You closely miss the adder.
The adder is almost dead.
You feel sick. The adder closely misses you.
You take 2 damage, and have 8/25 hp.
You barely miss the adder.
The adder is almost dead.
You feel sick. The adder bites you.
* * * LOW HITPOINT WARNING * * *
You are lethally poisoned!
The adder poisons you!
You take 4 damage, and have 4/25 hp.
You hit the adder but do no damage.
The adder is almost dead.
* * * LOW HITPOINT WARNING * * *
You feel sick. The adder bites you.
* * * LOW HITPOINT WARNING * * *
You are more poisoned.
The adder poisons you! The adder bites you.
You die...

#...##
#..#####.#
##.##
#......#.# #.#
##.###.#.# #.#
#.# #.#.# #+#
#.###.#.#
#.).....#
#####.### #.#
#@#
......S........
##...##..######
##. #..# # ...#
##.# $# .#


You could see an adder.

Vanquished Creatures
  4 endoplasms
  A giant cockroach (D:1)
  2 goblins
  2 hobgoblins (D:1)
  2 quokkas (D:1)
  6 bats
  A frilled lizard (D:1)
  4 kobolds
  3 rats
25 creatures vanquished.

Notes
Turn   | Place    | Note
-------+----------+-------------------------------------------
     0 | D:1      | Reached skill level 11 in Spellcasting
     0 | D:1      | SkeletonJelly the Gnoll Wanderer began the quest for the
                  | Orb.
     0 | D:1      | SkeletonJelly set off with the following items: a +0
                  | dagger, 12 poisoned darts, a potion of attraction, a +0
                  | robe; and the following spells available to memorise:
                  | Freeze, Magic Dart, Static Discharge, Cigotuvi's Dreadful
                  | Rot, Confusing Touch.
     0 | D:1      | Reached XP level 1. HP: 13/13 MP: 12/12
     2 | D:1      | Learned a level 1 spell: Magic Dart
   258 | D:1      | Reached XP level 2. HP: 19/19 MP: 4/14
   261 | D:1      | Learned a level 2 spell: Static Discharge
   334 | D:1      | Found Neryhuva's General Store.
   475 | D:1      | Found Veigeos's General Store.
   771 | D:1      | Noticed a walking crystal tome
   774 | D:1      | Found Baoczigu's Book Shoppe.
   826 | D:1      | Noticed a walking frostbound tome
  1414 | D:2      | Reached XP level 3. HP: 25/25 MP: 12/15
  1626 | D:2      | Slain by an adder

Illustrated notes

Levels and vault maps discovered:
D:1:      roadster_arrival_rocket_large, layout_loops_corners, serial_shops,
          nicolae_shop_mannequins, shop, nicolae_shop_statue_plus
D:2:      layout_loops_corners, basic_altar, uniq_robin

Skill      XL: |  1 |
---------------+----+-----
Spellcasting   | | 11.3
Air Magic      | 2 |  2.1
Fighting       | |  0.6
Short Blades   | |  0.6
Long Blades    | |  0.6
Axes           | |  0.6
Maces & Flails | |  0.6
Polearms       | |  0.6
Staves         | |  0.6
Ranged Weapons | |  0.6
Throwing       | |  4.5
Armour         | |  2.5
Dodging        | |  0.6
Stealth        | |  0.6
Shields        | |  0.6
Unarmed Combat | |  0.6
Conjurations   | |  0.4
Hexes          | |  0.4
Summonings     | |  0.4
Necromancy     | |  0.4
Translocations | |  0.4
Fire Magic     | |  0.4
Ice Magic      | |  0.4
Earth Magic    | |  0.4
Alchemy        | |  0.4
Invocations    | |  0.8
Evocations     | |  0.6
Shapeshifting  | |  0.5

Action                     || total
---------------------------++-------
  Melee: Dagger            ||     9
  Throw: Dart              ||     1
   Cast: Magic Dart        ||    64
         Static Discharge  ||     1
 Armour: Robe              ||    21
  Dodge: Dodged            ||    16

Table legend: (Time is in decaauts)
 A = Elapsed time spent in this place.
 B = Non-inter-level travel time spent in this place.
 C = Inter-level travel time spent in this place.
 D = Time resting spent in this place.
 E = Time spent auto-exploring this place.
 F = Levels seen in this place.
 G = Mean time per level.
                   A        B        C        D        E       F      G
               +--------+--------+--------+--------+--------+-----+--------+
         Total |   1624 |   1593 |     31 |      0 |   1449 |   2 |  812.0 |
       Dungeon |   1624 |   1593 |     31 |      0 |   1449 |   2 |  812.0 |
               +--------+--------+--------+--------+--------+-----+--------+

Top non-repeatable levels by time:
     D:1: 1320 daAuts
     D:2: 304 daAuts
